 Dungeon Crawl Stone Soup version 0.28-a0-691-gad6df49e81 (webtiles) character file.

Game seed: 6619562226825476097

131 cheechan the Charlatan (level 5, 0/45 HPs)
             Began as a Naga Artificer on Oct 21, 2021.
             Slain by a gnoll (10 damage)
             ... on level 4 of the Dungeon.
             The game lasted 00:10:41 (3770 turns).

cheechan the Charlatan (Naga Artificer)             Turns: 3770, Time: 00:10:42

Health: 0/45       AC:  6    Str: 16    XL:     5   Next: 14%
Magic:  5/5        EV:  9    Int: 11    God:
Gold:   118        SH:  0    Dex: 11    Spells: 3/4 levels left

rFire   . . .      SeeInvis +   a - +1 dagger (venom)
rCold   . . .      Faith    .   (no shield)
rNeg    . . .      Spirit   .   b - +1 leather armour
rPois   +          Reflect  .   (no helmet)
rElec   .          Harm     .   n - +1 cloak
rCorr   .          Rampage  .   (no gloves)
Will    .....                   (no barding)
Stlth   ++........              (no amulet)
HPRegen 0.15/turn               (no ring)
MPRegen 0.09/turn               (no ring)

@: very slow
A: AC +1, large, see invisible, deformed body, poison resistance, slowness 2,
spit poison 1, naga tail 1
a: Spit Poison


You were on level 4 of the Dungeon.
You visited 1 branch of the dungeon, and saw 4 of its levels.

You collected 118 gold pieces.

Inventory:

Hand Weapons
 a - a +1 dagger of venom (weapon)
 f - a +0 great sword
 g - a +0 dagger
 j - a +0 rapier
Missiles
 c - 61 stones
 l - 24 poisoned darts
Armour
 b - a +1 leather armour (worn)
 n - a +1 cloak (worn)
Wands
 d - a wand of charming (15)
 m - a wand of digging (5)
Potions
 h - a potion of haste
Miscellaneous
 e - a piece from Xom's chessboard (15/15)


   Skills:
 + Level 2.0 Fighting
 + Level 1.6 Short Blades
 + Level 2.3 Armour
 + Level 1.6 Dodging
 + Level 1.8 Stealth
 + Level 3.8 Evocations


You had 3 spell levels left.
You knew the following spells:

 Your Spells              Type           Power      Damage    Failure   Level
a - Magic Dart            Conj           0%         1d3       38%         1

Your spell library contained the following spells:

 Spells                   Type           Power      Damage    Failure   Level
 Searing Ray              Conj           0%         2d4       54%         2
 Fulminant Prism          Conj/Hex       0%         3d6       99%         4


Dungeon Overview and Level Annotations

Branches:
Dungeon (4/15)
 Temple: D:4-7

Altars:
Cheibriados
Nemelex Xobeh


Innate Abilities, Weirdness & Mutations

Your serpentine skin is tough. (AC +1)
You have supernaturally acute eyesight. (SInv)
Armour fits poorly on your strangely shaped body.
Your system is resistant to poisons. (rPois)
You cover ground very slowly.
You can spit poison.
You have a snake-like lower body.


Message History

Aim: a frilled lizard The splash of poison hits the frilled lizard.
The frilled lizard is poisoned.
You kill the frilled lizard!
You have got your breath back.
You open the door.
There is an open door here.
Okay, then.
Okay, then.
Unknown command.
Unknown command.
Unknown command.
Unknown command.
There is a stone staircase leading down here.
You climb downwards.
There is a stone staircase leading up here. 4 gnolls come into view.
The gnoll shouts! x3
The gnoll shouts!
Okay, then.
Abil: Spit Poison
Press: ? - help, Q - select action, (/) - cycle Shift-Dir - straight line, f - gnoll
Aim: a gnoll, wielding a +0 halberd The splash of poison hits the gnoll!
The gnoll is poisoned.
The gnoll is heavily wounded.
The gnoll hits you from afar with a +0 halberd!
The gnoll barely misses you.
The gnoll hits you from afar with a +0 halberd!
You closely miss the gnoll.
The gnoll is heavily wounded.
The gnoll hits you with a +0 spear! The gnoll hits you with a +0 halberd.
The gnoll hits you with a +0 club.
* * * LOW HITPOINT WARNING * * *
The gnoll hits you from afar with a +0 halberd.
* * * LOW HITPOINT WARNING * * *
You barely miss the gnoll.
The gnoll is severely wounded.
You have got your breath back.
The gnoll closely misses you. The gnoll hits you with a +0 halberd!
You die...

#####.. #.....# #.....+
#.....# ###.....###
#....g..... #..gg......
#..@g......
#############..........
#............#####.....
#......<.....# ....
#............# ...
#............# ..
############## #


You could see 4 gnolls.

Vanquished Creatures
  5 adders
  5 dart slugs
  7 ball pythons
  4 bats
  5 endoplasms
  2 giant cockroaches
  4 hobgoblins
  6 jackals
  A kobold (D:1)
  3 quokkas
  4 frilled lizards
  9 goblins
  A rat (D:1)
56 creatures vanquished.

Vanquished Creatures (collateral kills)
  A mummy (D:3)
1 creature vanquished.

Vanquished Creatures (others)
  A fungus (D:1)
1 creature vanquished.

Grand Total: 58 creatures vanquished

Notes
Turn   | Place    | Note
-------+----------+-------------------------------------------
     0 | D:1      | cheechan the Naga Artificer began the quest for the Orb.
     0 | D:1      | Reached XP level 1. HP: 18/18 MP: 1/1
   326 | D:1      | Reached XP level 2. HP: 8/25 MP: 2/2
   360 | D:1      | HP: 1/25 [jackal (2)]
   687 | D:1      | Reached skill level 1 in Dodging
   687 | D:1      | Reached XP level 3. HP: 20/31 MP: 3/3
  1182 | D:1      | Found a faded altar of an unknown god.
  2064 | D:2      | Reached XP level 4. HP: 28/38 MP: 4/4
  2148 | D:2      | Reached skill level 1 in Short Blades
  2558 | D:2      | Found a sparkling altar of Nemelex Xobeh.
  2619 | D:2      | Learned a level 1 spell: Magic Dart
  3127 | D:3      | Found a snail-covered altar of Cheibriados.
  3146 | D:3      | Reached XP level 5. HP: 9/45 MP: 5/5
  3770 | D:4      | Slain by a gnoll

Illustrated notes

Levels and vault maps discovered:
D:1:      dpeg_arrival_chambers_temple_mockup, layout_basic,
          shapermc_ecumenical_altar_hornbeckon
D:2:      layout_basic, basic_altar, minmay_small_reverse_x
D:3:      layout_basic, slow_altar_1
D:4:      layout_gridville

Skill      XL: |  1  2  3  4  5 |
---------------+----------------+-----
Dodging        | 1 |  1.6
Armour         | 2 |  2.3
Short Blades   | 1 |  1.6
Fighting       | 2 |  2.0
Stealth        | |  1.8
Evocations     | |  3.8

Action                   |  1- 3 |  4- 6 || total
-------------------------+-------+-------++-------
Melee: Dagger            |   111 |    85 ||   196
       Club              |     6 |       ||     6
 Abil: Spit Poison       |     6 |     3 ||     9
Evoke: Wand              |    15 |       ||    15
  Use: Scroll            |     2 |     6 ||     8
 Stab: Sleeping          |       |     1 ||     1
Armor: Leather armour    |    29 |    35 ||    64
Dodge: Dodged            |    49 |    45 ||    94

Table legend: (Time is in decaauts)
 A = Elapsed time spent in this place.
 B = Non-inter-level travel time spent in this place.
 C = Inter-level travel time spent in this place.
 D = Time resting spent in this place.
 E = Time spent auto-exploring this place.
 F = Levels seen in this place.
 G = Mean time per level.
                   A        B        C        D        E       F      G
               +--------+--------+--------+--------+--------+-----+--------+
         Total |   4589 |   4589 |      0 |   1444 |      0 |   4 | 1147.2 |
       Dungeon |   4589 |   4589 |      0 |   1444 |      0 |   4 | 1147.2 |
               +--------+--------+--------+--------+--------+-----+--------+

Top non-repeatable levels by time:
     D:1: 2216 daAuts
     D:2: 1213 daAuts
     D:3: 1143 daAuts
     D:4: 15 daAuts
